 Dungeon Crawl Stone Soup version 0.25-a0-566-g062765be81 (webtiles) character file.

Game seed: 12019636969415201810, levelgen mode: deterministic

265692 Flugslaktarn the Tortoise (level 19, -3/190 HPs)
             Began as a Deep Dwarf Fighter on Feb 27, 2020.
             Was the Champion of Makhleb.
             Shot with a bolt by a yaktaur captain (23 damage)
             ... on level 5 of the Vaults.
             The game lasted 00:18:42 (18420 turns).

Flugslaktarn the Tortoise (Deep Dwarf Fighter)     Turns: 18420, Time: 00:18:43

Health: -3/190     AC: 32    Str: 26    XL:     19   Next: 30%
Magic:  2/2 (8)    EV:  9    Int: 10    God:    Makhleb [******]
Gold:   1827       SH: 19    Dex: 12    Spells: 18/18 levels left

rFire    + + +     SeeInvis .   i - +7 broad axe (antimagic)
rCold    + + +     Gourm    .   c - +0 kite shield
rNeg     + . .     Faith    .   u - +4 chain mail
rPois    +         Spirit   .   k - +4 helmet of Soirafor {rElec rC++ Regen+ Str-3}
rElec    +         Reflect  +   K - scarf {rC+ rF+}
rCorr    +         Harm     .   J - +2 pair of gloves
MR       +....                  x - +2 pair of boots
Stlth    ..........             h - +5 amulet of reflection
HPRegen  0.00/turn              f - ring of protection from fire
MPRegen  0.08/turn              N - ring of Avesisoa {Str+4 Slay+5 Stlth-}

@: mighty, resistant, vulnerable, marked, non-regenerating, lightly drained
A: damage resistance, heal wounds, blurry vision 1, negative energy resistance
1, sense surroundings 3, weak 1, no regeneration
}: 2/15 runes: decaying, gossamer
a: Heal Wounds, Minor Destruction, Lesser Servant of Makhleb, Major Destruction,
Greater Servant of Makhleb, Renounce Religion


You were on level 5 of the Vaults.
You worshipped Makhleb.
Makhleb was exalted by your worship.
You were not hungry.

You visited 6 branches of the dungeon, and saw 34 of its levels.
You also visited: Ossuary and Gauntlet.

You collected 1827 gold pieces.

Inventory:

Hand Weapons
 a - a +1 war axe of flaming
 i - a +7 antimagic broad axe (weapon)
   (You took it off an orc high priest on level 4 of the Vaults)
Missiles
 P - a throwing net (quivered)
Armour
 c - a +0 kite shield (worn)
 k - the +4 helmet of Soirafor (worn) {rElec rC++ Regen+ Str-3}
   (You found it in a Gauntlet)

   It affects your strength (-3).
   It greatly protects you from cold.
   It insulates you from electricity.
   It increases your rate of regeneration.
   If you remove this armour, your AC will decrease by 6 (32 -> 26).
 p - a +2 cloak of poison resistance
   (You took it off Maurice on level 10 of the Dungeon)
 u - a +4 chain mail (worn)
   (You took it off a minotaur in a Gauntlet)
 x - a +2 pair of boots (worn)
   (You found it on level 10 of the Dungeon)
 y - a +2 helmet
   (You found it on level 9 of the Dungeon)
 J - a +2 pair of gloves (worn)
   (You found it in a Gauntlet)
 K - a scarf of resistance (worn)
   (You found it in a Gauntlet)
Jewellery
 f - a ring of protection from fire (left hand)
   (You found it in a Gauntlet)
 h - a +5 amulet of reflection (around neck)
   (You found it on level 4 of the Dungeon)
 r - an uncursed ring of flight
   (You found it on level 4 of the Vaults)
 M - the ring "Tebatraf" {MR+ EV+3 Dex+3 SInv}
   (You found it on level 4 of the Vaults)

   [ring of evasion]

   It affects your evasion (+3).
   It affects your dexterity (+3).
   It affects your resistance to hostile enchantments.
   It lets you see invisible.
 N - the ring of Avesisoa (right hand) {Str+4 Slay+5 Stlth-}
   (You found it on level 10 of the Dungeon)

   [ring of strength]

   It affects your strength (+4).
   It affects your accuracy and damage with ranged weapons and melee attacks
   (+5).
   It makes you less stealthy.
Wands
 v - a wand of digging (24)
   (You took it off Eustachio on level 6 of the Dungeon)
 D - a wand of paralysis (26)
   (You found it on level 1 of the Lair of Beasts)
 G - a wand of iceblast (21)
   (You found it on level 2 of the Swamp)
Scrolls
 b - 3 scrolls of holy word
 j - 2 scrolls of fear
 m - 3 scrolls of remove curse
 z - a scroll of blinking
 B - 4 scrolls of fog
 C - a scroll of summoning
 E - 5 scrolls of immolation
 F - 2 scrolls of enchant armour
 L - a scroll of brand weapon
 Q - a scroll of torment
Potions
 d - 4 potions of might
 g - 5 potions of flight
 l - 7 potions of brilliance
 q - 4 potions of curing
 s - 4 potions of ambrosia
 w - 4 potions of heal wounds
 A - 4 potions of cancellation
 H - a potion of lignification
 I - 3 potions of magic
Comestibles
 e - 17 rations
 o - 14 chunks of flesh


   Skills:
 + Level 16.5(16.0) Fighting
 - Level 18.0(17.5) Axes
 + Level 19.1(18.6) Armour
 - Level 15.0(14.5) Shields
 - Level 15.0(14.5) Invocations


You had 18 spell levels left.
You didn't know any spells.
Your spell library was empty.

Dungeon Overview and Level Annotations

Branches:
Dungeon (14/15)            Temple (1/1) D:6            Lair (6/6) D:8
  Swamp (4/4) Lair:3       Spider (4/4) Lair:2        Slime (0/5) Lair:6
    Orc (0/2) D:12         Vaults (5/5) D:14          Crypt (0/3) Vaults:2
Ossuary (visited)         Gauntlet (visited)

Altars:
Ashenzari
Cheibriados
Fedhas
Gozag
Kikubaaqudgha
Makhleb
Nemelex Xobeh
Trog
Vehumet
Xom
Beogh
Jiyva

Shops:
D:8 }   D:14 *   Vaults:4 [

Portals:
Abyss: D:7

Annotations:
D:7 2 transporters, kae's ghost, novice KoEn
Lair:1 3 runed translucent doors, exclusion: oklob plant, Gupuacea's ghost, journeyman GrFi
Lair:4 exclusion: oklob plant
Lair:6 Kirke


Innate Abilities, Weirdness & Mutations

You are resistant to damage.
You can heal yourself by infusing magical energy.
You resist negative energy. (rN+)
You passively map a large area around you.
You do not regenerate.
Scrolls take you a little longer to read.
You are weak. (Str -2)


Message History

* * * LOW HITPOINT WARNING * * *
The golden dragon claws you but does no damage.
You block the golden dragon's attack.
The yaktaur captain shoots a bolt.
You reflect the bolt off an invisible shield around you!
The bolt hits the yaktaur captain!!
The golden dragon bites you!
* * * LOW HITPOINT WARNING * * *
You block the golden dragon's attack.
The golden dragon tramples you but does no damage.
You feel very mighty all of a sudden. The golden dragon breathes fire at you.
The bolt of fire hits you. You resist.
The yaktaur captain unwields a +0 arbalest.
The yaktaur captain hits you but does no damage.
A vault warden comes into view. It is wielding a +2 broad axe of venom.
The golden dragon breathes cold at you. The bolt of cold hits you! You resist.
* * * LOW HITPOINT WARNING * * *
The deep elf archer blinks!
The yaktaur captain shoots a bolt.
The bolt hits you!!
You die...

*####......#.### ,
,, , , ,#.#....#T#
** *,, , * *
ā‰ˆā‰ˆ#.#....#(#*,
,.. , ā‰ˆ
#.#....#9. ..,, ,,
, * , ,#....#.p#,
..# , * , , #..##
..# * ** * , , ,
#...##..#* ** * ,
*, , #..OD#..# .#
, , , #...@DD.#.#
,, , *,
#....cH.p(# ,* * ,
, , ,
,,#...(cĀ§.#.# , ,
,* ,, #.e..#..# ,*
, * * , #..p##..#
* * * * , #..##
..#, , * * , #..#
,.#* , , , , ,
#..# ,.. ,, , * *
, #.## , ..* ,


You could see 2 golden dragons, a quicksilver dragon, a vault warden, 2 yaktaur
captains, a two-headed ogre, a deep troll, a war gargoyle, a vault sentinel, a
deep elf archer, a manticore shaped shifter and an ironbrand convoker.

Vanquished Creatures
  A golden dragon (Vaults:5)
  Arachne (Spider:3)
  A thorn hunter (Swamp:4)
  A sphinx (Vaults:2)
  A shadow dragon (Vaults:5)
  2 tengu reavers
  A frost giant (D:13)
  8 vault wardens
  3 emperor scorpions
  A ghost moth (Spider:3)
  10 stone giants
  A war gargoyle (Vaults:5)
  12 ironheart preservers
  2 deep elf demonologists
  A dire elephant (Gauntlet)
  A minotaur (Gauntlet)
  Snorg (D:11)
  Josephine (D:10)
  2 great orbs of eyes
  A crystal guardian (Vaults:2)
  A deep elf death mage (Vaults:3)
  5 yaktaur captains
  Fannar (D:10)
  8 ogre magi
  32 vault guards
  An ice dragon (Vaults:2)
  A rakshasa (Vaults:3)
  16 hydras
  4 centaur warriors
  2 shambling mangroves (Swamp:3)
  A two-headed ogre (shapeshifter) (Vaults:5)
  7 alligators
  34 two-headed ogres
  3 deep troll shamans
  A spriggan berserker (Swamp:4)
  An orc high priest (Vaults:4)
  The ghost of MisterFreud the Nimble, a journeyman FeBe of Trog (Lair:4)
  2 deep troll earth magi
  A fire crab (Gauntlet)
  3 deep elf knights
  6 skeletal warriors (Vaults:2)
  2 glowing orange brains
  A sea snake (Lair:6)
  19 deep trolls
  10 ironbrand convokers
  3 necromancers
  5 swamp dragons
  A spriggan druid (Swamp:3)
  A phantasmal warrior (Vaults:5)
  A tengu zombie (Vaults:5)
  11 orc knights
  A harpy (Lair:6)
  2 wizards
  Pikel (D:8)
  7 orb spiders
  27 ugly things
  14 wolf spiders
  A sphinx zombie (Vaults:4)
  3 deep elf magi
  A fire giant zombie (Vaults:5)
  9 elephants
  3 cyclopes
  3 manticores
  2 moths of wrath
  Maurice (D:10)
  7 vault sentinels
  2 torpor snails
  A storm dragon simulacrum (Vaults:4)
  18 spiny frogs
  An efreet (D:13)
  19 yaktaurs
  9 freezing wraiths
  A human skeleton (Vaults:4)
  7 komodo dragons
  7 demonic crawlers
  3 rime drakes (Lair:6)
  17 jumping spiders
  A yaktaur skeleton (Vaults:4)
  A merfolk (shapeshifter) (D:13)
  A wind drake (Lair:6)
  4 trolls
  16 slime creatures
  5 polar bears
  Grinder (D:4)
  10 tyrant leeches
  A dream sheep (shapeshifter) (Vaults:5)
  15 dream sheep
  9 hornets
  9 blink frogs
  4 hippogriffs
  11 bog bodies
  A flying skull (Vaults:2)
  16 tarantellas
  32 redbacks
  3 shadows
  2 spriggans
  The ghost of tilp the Conjurer, an amateur TeAE of Sif Muna (D:5)
  A spectral black mamba (Lair:4)
  A tarantella (shapeshifter) (Vaults:2)
  2 vampires
  A redback (shapeshifter) (Vaults:5)
  47 yaks
  3 fire bats (Gauntlet)
  7 wraiths
  3 basilisks
  6 hogs (Lair:6)
  A human (shapeshifter) (Vaults:4)
  A spectral komodo dragon (Lair:4)
  A neqoxec (Gauntlet)
  4 wyverns
  A chaos spawn (Gauntlet)
  A fire bat (shapeshifter) (Vaults:5)
  An elf skeleton (Vaults:5)
  A hungry ghost (D:8)
  19 vampire mosquitoes
  Eustachio (D:6)
  A steam dragon (D:11)
  2 wargs (Vaults:4)
  A catoblepas simulacrum (Lair:4)
  A spectral spiny frog (Lair:4)
  6 swamp worms
  14 insubstantial wisps
  8 water moccasins
  A hell hound (Gauntlet)
  4 porcupines
  19 orc warriors
  10 swamp drakes
  A sky beast (D:8)
  2 eyes of draining
  4 slaves (D:8)
  2 phantoms
  A black bear (D:8)
  An ettin simulacrum (Vaults:4)
  A boggart (D:13)
  7 ice beasts
  26 ogres
  2 black mamba simulacra (Lair:4)
  A wolf (shapeshifter) (Vaults:4)
  7 centaurs
  13 wolves
  12 crocodiles
  2 big kobolds
  2 elf zombies (Ossuary)
  12 bullfrogs
  A gnoll sergeant (D:7)
  A water moccasin zombie (D:12)
  5 scorpions
  19 killer bees
  4 wights
  2 howler monkeys (D:13)
  3 electric eels
  2 crimson imps
  A quasit (D:11)
  3 centaur zombies
  9 hounds
  4 human zombies
  6 orc priests
  3 bullfrog skeletons
  A centaur skeleton (D:4)
  7 orc wizards
  10 worker ants
  3 mummies
  9 gnolls
  8 adders
  A shadow imp (D:5)
  3 white imps (D:9)
  A worker ant simulacrum (D:9)
  2 ufetubi (D:9)
  An ooze (D:7)
  An adder zombie (Ossuary)
  An adder skeleton (D:6)
  6 leopard geckos
  32 orcs
  A bat (D:2)
  8 giant cockroaches
  3 goblins
  6 hobgoblins
  6 jackals
  12 kobolds
  7 quokkas
  A ball python (D:4)
  2 frilled lizards
  3 goblin zombies (Ossuary)
  6 hobgoblin zombies
  10 kobold zombies
  A leopard gecko skeleton (D:4)
  12 orc zombies (Ossuary)
  A quokka skeleton (D:5)
  A quokka zombie (D:7)
  3 rats
  2 fungi (Lair:5)
  2 plants
1048 creatures vanquished.

Vanquished Creatures (collateral kills)
  2 emperor scorpions (Spider:4)
  3 ghost moths (Spider:4)
  A spark wasp (Spider:4)
  An orc knight (Vaults:4)
  A wolf spider (Spider:4)
  A moth of wrath (Spider:4)
  A tarantella (Spider:4)
  A redback (Spider:4)
11 creatures vanquished.

Vanquished Creatures (others)
  A phantasmal warrior (Vaults:5)
  5 yaktaurs
  A jumping spider (Spider:3)
  A tarantella (Spider:3)
  2 swamp drakes (Swamp:3)
  A black bear (D:8)
  2 orc priests (D:8)
  An orc wizard (D:8)
  A worker ant (D:8)
  An orc (Vaults:2)
  A giant cockroach (D:8)
  2 briar patches (Swamp:4)
  A bush (Lair:6)
  2 demonic plants (Gauntlet)
  20 fungi
  37 plants
79 creatures vanquished.

Grand Total: 1138 creatures vanquished

Notes
Turn   | Place    | Note
-------+----------+-------------------------------------------
     0 | D:1      | Flugslaktarn the Deep Dwarf Fighter began the quest for the
                  | Orb.
     0 | D:1      | Reached XP level 1. HP: 20/20 MP: 1/1
   162 | D:2      | Reached XP level 2. HP: 21/27 MP: 2/2
   261 | D:2      | Found a shattered altar of Ashenzari.
   473 | D:3      | Reached XP level 3. HP: 24/34 MP: 3/3
   637 | D:4      | Found a sparkling altar of Nemelex Xobeh.
   684 | D:4      | Reached XP level 4. HP: 40/42 MP: 3/3
   791 | D:4      | Noticed Grinder
   791 | D:4      | Paralysed by Grinder for 6 turns
   809 | D:4      | Killed Grinder
   809 | D:4      | Reached skill level 4 in Armour
   809 | D:4      | Reached XP level 5. HP: 34/50 MP: 4/4
   809 | D:4      | Reached XP level 6. HP: 39/57 MP: 5/5
  1178 | D:5      | Entered Level 5 of the Dungeon
  1186 | D:5      | Noticed an ice beast
  1194 | D:5      | Killed an ice beast
  1194 | D:5      | Reached skill level 5 in Axes
  1230 | D:5      | Reached XP level 7. HP: 52/64 MP: 6/6
  1265 | D:5      | Reached skill level 5 in Armour
  1265 | D:5      | Reached skill level 5 in Shields
  1268 | D:5      | Found a sand-covered staircase.
  1277 | Ossuary  | Entered an ossuary
  1748 | D:5      | Found a runed translucent door.
  1749 | D:5      | Noticed tilp's ghost (amateur TeAE)
  2051 | D:5      | Killed tilp's ghost
  2051 | D:5      | Reached XP level 8. HP: 49/73 MP: 7/7
  2257 | D:6      | Found a staircase to the Ecumenical Temple.
  2287 | Temple   | Entered the Ecumenical Temple
  2347 | Temple   | Became a worshipper of Makhleb the Destroyer
  2480 | D:6      | Reached skill level 6 in Armour
  2480 | D:6      | Reached skill level 1 in Invocations
  2582 | D:6      | Reached skill level 5 in Fighting
  2833 | D:6      | Found an ancient bone altar of Kikubaaqudgha.
  2911 | D:6      | Noticed Eustachio
  2931 | D:6      | Killed Eustachio
  2953 | D:7      | Noticed a deep elf mage
  2972 | D:7      | Killed a deep elf mage
  2972 | D:7      | Gained mutation: You passively map the area around you.
                  | [Deep Dwarf growth]
  2972 | D:7      | Reached XP level 9. HP: 64/81 MP: 7/9
  3169 | D:7      | Reached * piety under Makhleb
  3176 | D:7      | Found a transporter.
  3262 | D:7      | Found a sparkling altar of Nemelex Xobeh.
  3271 | D:7      | Reached skill level 7 in Armour
  3458 | D:7      | Noticed kae's ghost (novice KoEn)
  3467 | D:7      | Found a one-way gate to the infinite horrors of the Abyss.
  3615 | D:7      | Noticed a toenail golem
  3638 | D:7      | Identified the +8 rapier of the Realm of Zot {distort, +Inv
                  | rN++}
  3652 | D:7      | Found a transporter.
  3754 | D:8      | Noticed Pikel
  3775 | D:8      | Killed Pikel
  3775 | D:8      | Reached skill level 5 in Invocations
  3844 | D:8      | Noticed a two-headed ogre
  3854 | D:8      | Killed a two-headed ogre
  3854 | D:8      | Reached skill level 10 in Axes
  3854 | D:8      | Reached XP level 10. HP: 73/92 MP: 9/9
  3910 | D:8      | Found a shimmering altar of Xom.
  4044 | D:8      | Reached ** piety under Makhleb
  4064 | D:8      | Noticed a two-headed ogre
  4071 | D:8      | Killed a two-headed ogre
  4071 | D:8      | Reached skill level 8 in Armour
  4103 | D:8      | Found Jingob's Gadget Shop.
  4367 | D:8      | Found a staircase to the Lair.
  5097 | D:10     | Entered Level 10 of the Dungeon
  5136 | D:10     | Noticed Maurice
  5146 | D:10     | Killed Maurice
  5204 | D:10     | Reached *** piety under Makhleb
  5304 | Lair:1   | Entered Level 1 of the Lair of Beasts
  5304 | Lair:1   | Noticed an oklob plant
  5433 | Lair:1   | Reached XP level 11. HP: 100/100 MP: 10/10
  5676 | Lair:1   | Reached skill level 9 in Armour
  5932 | Lair:1   | Noticed a nine-headed hydra
  5932 | Lair:1   | Noticed an 11-headed hydra
  5932 | Lair:1   | Noticed Gupuacea's ghost (journeyman GrFi)
  5933 | Lair:1   | Found a runed translucent gate.
  5933 | Lair:1   | Found a runed translucent gate.
  5933 | Lair:1   | Found a runed translucent gate.
  6254 | Lair:2   | Found a hole to the Spider Nest.
  6930 | Lair:3   | Noticed a four-headed hydra
  6936 | Lair:3   | Killed a one-headed hydra
  7050 | Lair:3   | Reached **** piety under Makhleb
  7173 | Lair:3   | Noticed an eight-headed hydra
  7183 | Lair:3   | Killed a three-headed hydra
  7368 | Lair:3   | Reached skill level 10 in Armour
  7441 | Lair:3   | Reached skill level 10 in Shields
  7450 | Lair:3   | Reached XP level 12. HP: 105/112 MP: 11/11
  7455 | Lair:3   | Noticed a six-headed hydra
  7470 | Lair:3   | Killed a one-headed hydra
  7485 | Lair:3   | Found a staircase to the Swamp.
  7833 | Lair:4   | Noticed a six-headed hydra
  7842 | Lair:4   | Killed a one-headed hydra
  8056 | Lair:4   | Found a runed translucent gate.
  8056 | Lair:4   | Found a runed translucent gate.
  8056 | Lair:4   | Found a runed translucent gate.
  8428 | Lair:4   | Noticed MisterFreud's ghost (journeyman FeBe)
  8694 | Lair:4   | Killed MisterFreud's ghost
  8774 | Lair:5   | Reached skill level 11 in Armour
  9140 | Lair:5   | Reached ***** piety under Makhleb
  9570 | Lair:6   | Entered Level 6 of the Lair of Beasts
  9578 | Lair:6   | Reached XP level 13. HP: 109/121 MP: 8/8
  9756 | Lair:6   | Reached skill level 15 in Axes
  9848 | Lair:6   | Noticed Kirke
 10019 | Lair:6   | Reached skill level 10 in Fighting
 10038 | Lair:6   | Found a viscous altar of Jiyva.
 10039 | Lair:6   | Found a staircase to the Slime Pits.
 10164 | Spider:1 | Entered Level 1 of the Spider Nest
 10257 | Swamp:1  | Entered Level 1 of the Swamp
 10355 | Swamp:2  | Reached skill level 12 in Armour
 10557 | Swamp:3  | Reached ****** piety under Makhleb
 10570 | Swamp:3  | Gained mutation: You resist negative energy. (rN+) [Deep
                  | Dwarf growth]
 10570 | Swamp:3  | Reached XP level 14. HP: 118/133 MP: 7/7
 11279 | Swamp:4  | Entered Level 4 of the Swamp
 11605 | Swamp:4  | Reached skill level 10 in Invocations
 11650 | Swamp:4  | Noticed a thorn hunter
 11675 | Swamp:4  | Killed a thorn hunter
 11709 | Swamp:4  | Got a decaying rune of Zot
 12023 | Spider:2 | Noticed an emperor scorpion
 12066 | Spider:2 | Killed an emperor scorpion
 12067 | Spider:2 | Noticed an emperor scorpion
 12102 | Spider:1 | Killed an emperor scorpion
 12102 | Spider:1 | Reached XP level 15. HP: 113/140 MP: 10/10
 12284 | Spider:3 | Killed a ghost moth
 12351 | Spider:3 | Noticed Arachne
 12375 | Spider:3 | Killed Arachne
 12375 | Spider:3 | Reached skill level 13 in Armour
 12427 | Spider:4 | Entered Level 4 of the Spider Nest
 12686 | Spider:4 | Killed a ghost moth
 12706 | Spider:4 | Killed a ghost moth
 12782 | Spider:4 | Killed a ghost moth
 12814 | Spider:4 | Got a gossamer rune of Zot
 13165 | D:10     | Got a glittering jade ring
 13246 | D:10     | Noticed Josephine
 13260 | D:10     | Killed Josephine
 13323 | D:10     | Noticed Fannar
 13343 | D:10     | Killed Fannar
 13367 | D:11     | Found a gate leading to a gauntlet.
 13417 | Gauntlet | Entered a Gauntlet
 13417 | Gauntlet | Found a transporter.
 13417 | Gauntlet | Found a transporter.
 13421 | Gauntlet | Found a transporter.
 13421 | Gauntlet | Found a transporter.
 13445 | Gauntlet | Found a transporter.
 13454 | Gauntlet | Found a transporter.
 13456 | Gauntlet | Found a transporter.
 13456 | Gauntlet | Found a transporter.
 13460 | Gauntlet | Found a transporter.
 13486 | Gauntlet | Found a transporter.
 13504 | Gauntlet | Found a transporter.
 13543 | Gauntlet | Found a transporter.
 13565 | Gauntlet | Found a transporter.
 13644 | Gauntlet | Found a transporter.
 13659 | Gauntlet | Found a transporter.
 13674 | Gauntlet | Found a transporter.
 13764 | Gauntlet | Gained mutation: Scrolls take you a little longer to read.
                  | [a neqoxec]
 13774 | Gauntlet | Reached XP level 16. HP: 151/151 MP: 11/11
 13821 | Gauntlet | Got a shimmering helmet
 13837 | Gauntlet | Identified the +4 helmet of Soirafor {rElec rC++ Regen+
                  | Str-3} (You found it in a Gauntlet)
 13947 | Gauntlet | Identified the ring of Avesisoa {Str+4 Slay+5 Stlth-} (You
                  | found it on level 10 of the Dungeon)
 14110 | D:11     | Noticed Snorg
 14122 | D:11     | Killed Snorg
 14311 | D:12     | Found a staircase to the Orcish Mines.
 14948 | D:13     | Reached skill level 14 in Armour
 15422 | D:14     | Found Hyridwep's General Store.
 15444 | D:14     | Found a gate to the Vaults.
 15463 | Vaults:1 | Entered Level 1 of the Vaults
 15860 | Vaults:1 | Reached skill level 15 in Invocations
 15868 | Vaults:1 | Reached XP level 17. HP: 140/162 MP: 14/14
 16018 | Vaults:2 | Reached skill level 15 in Armour
 16018 | Vaults:2 | Reached skill level 15 in Shields
 16373 | Vaults:2 | Found a staircase to the Crypt.
 16500 | Vaults:2 | Reached skill level 16 in Armour
 16893 | Vaults:3 | Gained mutation: You passively map a large area around you.
                  | [Deep Dwarf growth]
 16893 | Vaults:3 | Reached XP level 18. HP: 92/176 MP: 13/13
 16920 | Vaults:3 | Noticed an Ice Fiend
 16946 | Vaults:3 | Noticed an Ice Fiend
 17003 | Vaults:4 | Reached skill level 17 in Armour
 17292 | Vaults:4 | Got a shimmering bronze ring
 17295 | Vaults:4 | Identified the ring "Tebatraf" {MR+ EV+3 Dex+3 SInv} (You
                  | found it on level 4 of the Vaults)
 17335 | Vaults:4 | Found a roughly hewn altar of Beogh.
 17527 | Vaults:4 | Reached skill level 15 in Fighting
 17690 | Vaults:4 | Found Fexo's Armour Boutique.
 17728 | Vaults:4 | Found a shimmering altar of Xom.
 17997 | Vaults:4 | Reached skill level 18 in Armour
 18188 | Vaults:5 | Entered Level 5 of the Vaults
 18202 | Vaults:5 | Noticed a Hell Sentinel
 18238 | Vaults:5 | Gained mutation: You are weak. (Str -2) [a neqoxec]
 18244 | Vaults:5 | Reached XP level 19. HP: 71/188 MP: 3/10
 18318 | Vaults:5 | Noticed a golden dragon
 18343 | Vaults:5 | Killed a golden dragon
 18343 | Vaults:5 | Reached skill level 19 in Armour
 18405 | Vaults:5 | Noticed a golden dragon
 18409 | Vaults:5 | Noticed a golden dragon
 18420 | Vaults:5 | Shot with a bolt by a yaktaur captain

Levels and vault maps discovered:
D:1:      dpeg_arrival_solitude, layout_basic, lemuel_another_geyser
D:2:      minmay_inner_zag, layout_loops_ring, nicolae_ashenzari_panopticon,
          uniq_crazy_yiuf_cottage
D:3:      layout_basic, first_ration
D:4:      layout_basic, nemelex_xobeh_ov_fountains_minmay, uniq_grinder
D:5:      layout_basic, ebering_ghost_inner_flame, nicolae_ossuary_entry_giza,
          roderic_lattice_a
D:6:      layout_gridville, lemuel_doored_altar, minmay_temple_entry_trees,
          minivault_19, uniq_eustachio
D:7:      layout_loops_ring, gammafunk_ghost_abyssal_escape,
          nemelex_spade_bored_becter
D:8:      layout_gridville, xom_confusion_cloud, lair_entry_dummy, serial_shops,
          shop_fountains, uniq_pikel
D:9:      layout_roguey, serial_ice, serial_ice_o, serial_ice_i, serial_ice_m,
          serial_ice_g, serial_ice_c, serial_ice_h
D:10:     layout_loops_cross, uniq_josephine, uniq_fannar, uniq_maurice
D:11:     layout_cave_pools, gauntlet_entry_generic, enter_trove_2,
          serial_column_ruins, column_ruins_corridor_straight,
          column_ruins_columns_straight, column_ruins_grid_2,
          column_ruins_grid_4, column_ruins_corridor_corner, grunt_pizzeria,
          uniq_snorg
D:12:     layout_rooms, david_orc_2, serial_shops, shop
D:13:     minmay_textured_paths, layout_loops_ring, kennysheep_island_fort
D:14:     layout_loops_ring, david_vaults_2, nicolae_ru_the_path_less_chosen,
          serial_shops, shop, lemuel_angel_altar
Temple:   hc_temple_tempest_star
Lair:1:   layout_loops_ring, gammafunk_ghost_hydra_chop,
          minmay_lair_oklob_chamber
Lair:2:   layout_loops_ring, nicolae_spider_entry_non_spiders,
          chequers_serial_rivers_small_a, grunt_forest_stairs_basic,
          st_stairs_12, minivault_19, beast_lair_carwin_3
Lair:3:   layout_chaotic_city, minmay_swamp_entry_swarm,
          nicolae_quartered_pool_super, grunt_megastairs_2
Lair:4:   layout_roguey, gammafunk_ghost_necromancy
Lair:5:   layout_concentric_octagons
Lair:6:   gammafunk_lair_ancient_temple, layout_loops_ring, slime_altar_1,
          lemuel_fruit_tree, uniq_kirke
Swamp:1:  layout_basic_swamp, basic_altar, infiniplex_staircase_pool
Swamp:2:  layout_basic_swamp, nicolae_swamp_godswood
Swamp:3:  layout_basic_swamp, evilmike_swamp_ruin_rubble_1, swamp_pool5
Swamp:4:  swamp_basic_johnstein, layout_basic_swamp, swamp_pool4
Spider:1: layout_spider_delve
Spider:2: layout_spider_delve, uniq_donald
Spider:3: layout_spider_delve, hangedman_spider_mandibles,
          nicolae_spider_cling_ruins, uniq_arachne
Spider:4: grunt_spider_rune_island, guppyfry_spider_mini_3
Vaults:1: vaults_room_pools, nicolae_vaults_statue_guard,
          hangedman_vaults_stagger, hangedman_vaults_locks, v_misc_31,
          ontoclasm_vaults_twist, vaults_room_large_hall,
          nicolae_vaults_shelves_hall, vaults_mumra_minichess,
          vaults_room_fours, v_misc_9, layout_vaults_quadrants, uniq_aizul
Vaults:2: nicolae_vaults_windows_and_doors_thing, nicolae_vaults_meeting,
          nicolae_vaults_theta, nicolae_vaults_yaktaur_gun_rack,
          minmay_crypt_entry_simple_plaza, nicolae_vaults_circle_grid_a,
          vaults_mumra_lcd, nicolae_vaults_circle_grid_b, v_rooms_4,
          nicolae_vaults_little_squares_3, vaults_room_large_hall, v_misc_24,
          nicolae_vaults_specimen_jars, v_misc_18, v_misc_2, layout_vaults_maze,
          serial_shops, shop
Vaults:3: v_alt_pattern_1, v_pattern_3, hangedman_vaults_capsules,
          nicolae_vaults_circle_grid_a, grunt_vaults_funnel,
          vaults_standard_mumra_x, v_alt_pattern_1, st_cross, v_misc_10,
          vaults_mumra_minichess_inversion, layout_vaults_omnicross,
          serial_shops, shop
Vaults:4: v_rooms_4, vaults_standard_mumra_enter_the_diamond,
          vaults_dpeg_spiral, grunt_vaults_hallway_long,
          nicolae_vaults_big_angled_halls, ontoclasm_vaults_spin, v_misc_23,
          grunt_vaults_diagonal, v_alt_pattern_6, special_room_vaults
          [special_room_orc], v_misc_9, vaults_room_semicircle,
          vaults_room_corners, vaults_room_pools, layout_vaults_chaotic_city,
          serial_shops, nicolae_shop_crystal, basic_altar
Vaults:5: serial_shops

Skill      XL: |  1  2  3  4  5  6  7  8  9 10 11 12 13 14 15 16 17 18 19 |
---------------+----------------------------------------------------------+-----
Fighting       | 3 4 5 6 7 8 9 10 11 12 14 16 | 16.5
Axes           | 3 4 5 6 8 10 11 13 14 16 17 18 | 18.0
Armour         | 4 5 6 7 8 10 11 12 13 14 16 18 19 | 19.1
Shields        | 4 5 6 7 8 10 11 12 13 14 15 | 15.0
Invocations    | 3 5 11 13 15 | 15.0

Action                   |  1- 3 |  4- 6 |  7- 9 | 10-12 | 13-15 | 16-18 | 19-21 || total
-------------------------+-------+-------+-------+-------+-------+-------+-------++-------
Melee: War axe           |    68 |    43 |   398 |   814 |  1571 |  1178 |       ||  4072
       Broad axe         |       |       |       |       |       |   221 |   120 ||   341
Invok: Lesser Servant of |       |       |       |     2 |       |       |       ||     2
       Greater Servant o |       |       |       |       |     6 |     2 |       ||     8
 Abil: Heal Wounds       |     1 |     1 |     8 |     8 |    24 |    15 |     4 ||    61
  Use: Scroll            |       |       |    10 |     9 |     7 |    22 |     1 ||    49
       Potion            |       |       |     1 |       |    10 |     1 |     4 ||    16
 Stab: Confused          |       |       |       |     1 |     1 |       |       ||     2
       Invisible         |       |       |       |       |    20 |       |       ||    20
       Distracted        |       |       |       |       |     4 |       |       ||     4
  Eat: Chunk             |       |     1 |     5 |    16 |     6 |    13 |     1 ||    42
       Ration            |       |       |     2 |     1 |     3 |     1 |       ||     7
Armor: Scale mail        |    34 |    15 |    54 |       |       |       |       ||   103
       Plate armour      |       |       |    98 |   390 |   974 |   310 |       ||  1772
       Chain mail        |       |       |       |       |       |   284 |   131 ||   415
Dodge: Dodged            |    20 |    12 |    81 |   142 |   347 |   288 |    55 ||   945
Block: Kite shield       |    35 |    26 |   288 |   686 |  1434 |  1217 |   173 ||  3859
       Reflection        |       |       |       |       |    11 |    56 |    10 ||    77

Table legend:
 A = Non-vault XP
 B = Vault XP
 C = Vault XP percentage of total XP
 D = Non-vault monster count
 E = Vault monster count
 F = Vault count percentage of total count
                 A         B        C        D         E       F
            +---------+---------+-------+---------+---------+-------
      Total |  236319 |  170413 |  41.9 |     715 |     348 |  32.7
            +---------+---------+-------+---------+---------+-------
        D:1 |       3 |       0 |   0.0 |       2 |       0 |   0.0
        D:2 |      34 |       0 |   0.0 |      13 |       0 |   0.0
        D:3 |      21 |       0 |   0.0 |      10 |       0 |   0.0
        D:4 |     139 |     277 |  66.6 |       7 |       1 |  12.5
        D:5 |     450 |     212 |  32.0 |      14 |       4 |  22.2
        D:6 |     576 |     181 |  23.9 |      13 |       1 |   7.1
        D:7 |    1804 |       0 |   0.0 |      32 |       0 |   0.0
        D:8 |    2597 |    1763 |  40.4 |      17 |       6 |  26.1
        D:9 |     498 |    1092 |  68.7 |      16 |      13 |  44.8
       D:10 |    1307 |    3621 |  73.5 |      22 |       8 |  26.7
       D:11 |    3121 |    1196 |  27.7 |      20 |       1 |   4.8
       D:12 |    3458 |     408 |  10.6 |      24 |       6 |  20.0
       D:13 |    7671 |    6046 |  44.1 |      43 |       9 |  17.3
       D:14 |    1057 |    2863 |  73.0 |       6 |       3 |  33.3
     Lair:1 |    2405 |      93 |   3.7 |      10 |       1 |   9.1
     Lair:2 |    1690 |    1567 |  48.1 |      10 |      14 |  58.3
     Lair:3 |    6387 |    1996 |  23.8 |      25 |       7 |  21.9
     Lair:4 |    6238 |    1687 |  21.3 |      22 |       7 |  24.1
     Lair:5 |    4511 |       0 |   0.0 |      22 |       0 |   0.0
     Lair:6 |    5452 |    7636 |  58.3 |      23 |      24 |  51.1
    Swamp:1 |    1763 |       0 |   0.0 |       9 |       0 |   0.0
    Swamp:2 |    8956 |       0 |   0.0 |      22 |       0 |   0.0
    Swamp:3 |   16731 |     323 |   1.9 |      42 |       3 |   6.7
    Swamp:4 |    7238 |   13245 |  64.7 |      22 |      23 |  51.1
   Spider:1 |    2828 |       0 |   0.0 |       8 |       0 |   0.0
   Spider:2 |    5587 |       0 |   0.0 |      13 |       0 |   0.0
   Spider:3 |   12432 |    3129 |  20.1 |      36 |       1 |   2.7
   Spider:4 |    8067 |   15404 |  65.6 |      24 |      30 |  55.6
   Vaults:1 |   28893 |    6910 |  19.3 |      39 |      15 |  27.8
   Vaults:2 |   16888 |   30416 |  64.3 |      26 |      38 |  59.4
   Vaults:3 |   30681 |    2501 |   7.5 |      45 |       5 |  10.0
   Vaults:4 |   30376 |   20050 |  39.8 |      55 |      40 |  42.1
   Vaults:5 |   16460 |   41422 |  71.6 |      23 |      38 |  62.3
    Ossuary |       0 |     422 | 100.0 |       0 |      38 | 100.0
   Gauntlet |       0 |    5953 | 100.0 |       0 |      12 | 100.0
            +---------+---------+-------+---------+---------+-------
